AoeStats
← b站江条

Arabia

508603162Analyzed
1v1 RM · 9d ago on Sep 23, 2026· 31m 53s· 2 players
Game mode
Random Map
Map size
Tiny (2 player)
Population
200
Speed
Normal
Resources
Standard
Victory
Conquest
Starting age
Dark Age
Ending age
Imperial Age
RankedLock teamsTeams togetherTeam positionsShared explorationLock speedFull tech treeHidden civsTurbo modeCheats
Victory
Defeat
🇭🇰 Hindustanis · Hong Kong SAR China
1465
+14
🇨🇳 Maya · China
1425
-14
b站江条
0:25 Loom
9:18 Feudal Age
13:29 Double-Bit Axe
24:48 Castle Age
27:31 Horse Collar
30:50 Gold Mining
30:51 Fletching
twf_wing
5:42 Loom
8:12 Feudal Age
8:47 Double-Bit Axe
17:59 Fletching
21:13 Scale Barding Armor
27:08 Castle Age
26:46 Forging
26:37 Gold Mining
27:17 Bloodlines
27:44 Stone Mining
28:31 Bow Saw
27:53 Light Cavalry
33:07 Wheelbarrow
Connection lost

Rejoining the realm…

Still unreachable

The connection could not be restored.

Session expired

The server has moved on; the page needs a fresh start.